AoeStats
← Barón de la Cerveza

Hideout

508340258Analyzed
1v1 RM · 11d ago on Sep 22, 2026· 42m 26s· 2 players
Game mode
Random Map
Map size
Tiny (2 player)
Population
200
Speed
Normal
Resources
Standard
Victory
Conquest
Starting age
Dark Age
Ending age
Imperial Age
RankedLock teamsTeams togetherTeam positionsShared explorationLock speedFull tech treeHidden civsTurbo modeCheats
Victory
Defeat
🇨🇳 Japanese · China
2019
+11
🇲🇽 Khmer · Mexico
1910
-11
Barón de la Cerveza
9:15 Feudal Age
10:18 Loom
14:47 Castle Age
15:49 Double-Bit Axe
35:08 Bow Saw
35:03 Horse Collar
35:47 Sanctity
36:20 Gold Mining
38:30 Redemption
38:39 Pikeman
45:26 Imperial Age
新竹
6:33 Loom
8:45 Feudal Age
8:51 Man-at-Arms
12:52 Double-Bit Axe
17:34 Horse Collar
19:00 Forging
22:54 Scale Mail Armor
26:41 Castle Age
24:52 Gold Mining
25:51 Bloodlines
26:27 Scale Barding Armor
27:32 Light Cavalry
33:34 Town Watch
34:25 Wheelbarrow
34:52 Bow Saw
39:13 Chain Barding Armor
45:34 Imperial Age
Connection lost

Rejoining the realm…

Still unreachable

The connection could not be restored.

Session expired

The server has moved on; the page needs a fresh start.